 Dungeon Crawl Stone Soup version 0.23.1 (webtiles) character file.

Game seed: 13805435949249034600

400 Lees the Skirmisher (level 6, -1/71 HPs)
             Began as an Ogre Hunter on Mar 15, 2019.
             Slain by a phantom (3 damage)
             ... on level 3 of the Dungeon.
             The game lasted 00:11:41 (3697 turns).

Lees the Skirmisher (Ogre Hunter)                   Turns: 3697, Time: 00:11:41

Health: -1/71      AC:  4    Str: 22    XL:     6   Next: 84%
Magic:  6/6        EV: 13    Int: 12    God:
Gold:   184        SH:  4    Dex: 14    Spells: 5/5 levels left

rFire    . . .     SeeInvis .   o - +2 dagger (freeze)
rCold    . . .     Gourm    .   (no shield)
rNeg     . . .     Faith    .   t - +1 robe {MR+}
rPois    .         Spirit   .   (helmet restricted)
rElec    .         Reflect  .   (no cloak)
rCorr    .         Harm     .   (gloves unavailable)
MR       ++...                  (boots unavailable)
Stlth    ++........             (no amulet)
HPRegen  0.00/turn              p - +3 ring of strength
MPRegen  0.10/turn              r - +5 ring of dexterity

@: no status effects
A: large, unfitting armour, repulsion field 1, large bone plates 1, magic
resistance 1, inhibited regeneration, tough skin 1
a: no special abilities


You were on level 3 of the Dungeon.
You were very hungry.

You visited 1 branch of the dungeon, and saw 4 of its levels.

You collected 184 gold pieces.

Inventory:

Hand Weapons
 a - a +0 short sword
 m - a +0 hunting sling
 o - a +2 dagger of freezing (weapon)
Missiles
 c - 5 large rocks (quivered)
 d - a throwing net
 n - 45 stones
Armour
 b - a +0 robe
 e - a +0 pair of gloves
 t - a +1 robe of magic resistance (worn)
Jewellery
 p - a +3 ring of strength (left hand)
 r - a +5 ring of dexterity (right hand)
Scrolls
 i - a scroll of identify
Potions
 l - a potion of magic
 s - a potion of might
Comestibles
 f - 12 rations


   Skills:
 * Level 7.1 Fighting
 - Level 4.6 Throwing
 + Level 3.9 Dodging
 - Level 0.6 Stealth


You had 5 spell levels left.
You didn't know any spells.
Your spell library was empty.

Dungeon Overview and Level Annotations

Branches:
Dungeon (4/15)             Temple (0/1) D:4

Altars:
Ru


Innate Abilities, Weirdness & Mutations

You are too large for most types of armour.
You have tough skin. (AC +1)
You are surrounded by a mild repulsion field. (EV +2)
You are partially covered in large bone plates. (SH +4)
You are resistant to hostile enchantments. (MR+)
You do not regenerate when monsters are visible.


Message History

You start resting.
The phantom is too close now for your liking.
The phantom hits you.
* * * LOW HITPOINT WARNING * * *
You are feeling very hungry.
Found 11 gold pieces.
Found a stone staircase leading down.
The phantom blinks!
There is an open door here.
As you close the door, it creaks loudly!
A phantom opens the door.
There is a stone staircase leading up here.
The phantom barely misses you.
You climb upwards.
There is a stone staircase leading down here.
The phantom blinks!
The phantom hits you!
* * * LOW HITPOINT WARNING * * *
The phantom blinks!
The phantom hits you.
You die...

#.#...#########.###.#####......
#.###.# #####..##)##.........
#.# #.# #......##.##.........
#.# #.# #.#.#..##......).....
#.# #.# #......##..###.)..###
#.# #.# #.#.#..##..##.....###
#.###.## #.....###..#.#....##.
#.##...######W#.# #...##....##.
#....>........@.# #............
####...########## ##..##....##.
##.###### #.#.#.#..... #......#
#.##...#####
######.#########.###.##
#...............######
###########.........[.
############


You could see a phantom.

Vanquished Creatures
  An ogre (D:4)
  Jessica (D:2)
  A worker ant (D:4)
  An iguana (D:4)
  A hound skeleton (D:4)
  7 adders
  5 gnolls
  5 worms
  3 leopard geckos
  10 orcs
  8 giant cockroaches
  6 goblins
  10 hobgoblins
  5 jackals
  3 quokkas
  2 ball pythons (D:4)
  A ball python skeleton (D:4)
  5 bats
  6 frilled lizards
  6 kobolds
  A quokka skeleton (D:4)
  8 rats
96 creatures vanquished.

Notes
Turn   | Place    | Note
-------+----------+-------------------------------------------
     0 | D:1      | Lees the Ogre Hunter began the quest for the Orb.
     0 | D:1      | Reached XP level 1. HP: 22/22 MP: 1/1
   199 | D:1      | Reached XP level 2. HP: 20/29 MP: 2/2
   337 | D:1      | Reached XP level 3. HP: 30/36 MP: 3/3
   664 | D:1      | Reached skill level 3 in Fighting
   913 | D:2      | Found a sacrificial altar of Ru.
   953 | D:2      | Noticed Jessica
   963 | D:2      | Killed Jessica
   963 | D:2      | Reached skill level 4 in Fighting
   963 | D:2      | Reached XP level 4. HP: 16/48 MP: 4/4
  1270 | D:2      | Gained mutation: You are surrounded by a mild repulsion
                  | field. (EV +2) [potion of mutation]
  1270 | D:2      | Gained mutation: You have sharp toenails. [potion of
                  | mutation]
  1619 | D:2      | Reached XP level 5. HP: 47/55 MP: 5/5
  1809 | D:3      | Reached skill level 5 in Fighting
  2869 | D:4      | Reached skill level 6 in Fighting
  2869 | D:4      | Reached XP level 6. HP: 52/67 MP: 6/6
  3104 | D:4      | Reached skill level 7 in Fighting
  3499 | D:4      | Found a staircase to the Ecumenical Temple.
  3566 | D:4      | Lost mutation: You have sharp toenails. [potion of
                  | mutation]
  3566 | D:4      | Gained mutation: You do not regenerate when monsters are
                  | visible. [potion of mutation]
  3566 | D:4      | Gained mutation: You are partially covered in large bone
                  | plates. (SH +4) [potion of mutation]
  3566 | D:4      | Gained mutation: You are resistant to hostile enchantments.
                  | (MR+) [potion of mutation]
  3578 | D:4      | Noticed a phantom
  3695 | D:3      | HP: 2/71 [phantom (7)]
  3697 | D:3      | Slain by a phantom

Skill      XL: |  1  2  3  4  5  6 |
---------------+-------------------+-----
Dodging        | 2 3 |  3.9
Fighting       | 4 6 7 |  7.1
Throwing       | |  4.6
Stealth        | |  0.6

Action                   |  1- 3 |  4- 6 || total
-------------------------+-------+-------++-------
Melee: Short sword       |    55 |       ||    55
       Hunting sling     |     1 |       ||     1
       Dagger            |    39 |   204 ||   243
       Kick              |       |    47 ||    47
 Fire: Hunting sling     |     6 |       ||     6
Throw: Large rock        |    19 |       ||    19
       Throwing net      |     2 |       ||     2
  Use: Scroll            |     3 |    10 ||    13
       Potion            |       |     6 ||     6
 Stab: Sleeping          |     1 |     3 ||     4
       Invisible         |       |     2 ||     2
  Eat: Chunk             |       |     8 ||     8
Armor: Robe              |    47 |    44 ||    91
Dodge: Dodged            |    86 |   135 ||   221
Block: Other             |       |     1 ||     1
